 Dungeon Crawl Stone Soup version 0.29-a0-555-g3b24f45cc1 (webtiles) character file.

Game seed: 15476349527847808346

10 Hubjo the Insei (level 2, 0/21 HPs)
             Began as a Demonspawn Transmuter on June 7, 2022.
             Was a Follower of Kikubaaqudgha.
             Slain by a goblin
             ... wielding a +0 dagger
              (2 damage)
             ... on level 1 of the Dungeon.
             The game lasted 00:01:16 (889 turns).

Hubjo the Insei (Demonspawn Transmuter)              Turns: 889, Time: 00:01:16

Health: 0/21       AC:  2    Str: 10    XL:     2   Next: 10%
Magic:  5/5        EV: 12    Int: 14    God:    Kikubaaqudgha [*.....]
Gold:   43         SH:  0    Dex: 13    Spells: 4/5 levels left

rFire   . . .      SeeInvis .     - Unarmed
rCold   . . .      Faith    .   (no shield)
rNeg    . . .      Spirit   .   a - +0 robe
rPois   .          Reflect  .   (no helmet)
rElec   .          Harm     .   (no cloak)
rCorr   .          Rampage  .   (no gloves)
Will    .....                   (no boots)
Stlth   +.........              (no amulet)
HPRegen 0.07/turn               (no ring)
MPRegen 0.09/turn               (no ring)

@: no status effects
A: powered by death 1
a: Renounce Religion, Unearth Wretches


You were on level 1 of the Dungeon.
You worshipped Kikubaaqudgha.
Kikubaaqudgha was aware of your devotion.
You visited 1 branch of the dungeon, and saw 1 of its levels.

You collected 43 gold pieces.

Inventory:

Armour
 a - a +0 robe (worn)
Scrolls
 c - a scroll of fear {unknown}
 f - a scroll of teleportation {unknown}
Potions
 b - a potion of lignification
 d - a potion of heal wounds {unknown}
 e - a potion of degeneration {unknown}


   Skills:
 * Level 1.4 Fighting
 - Level 1.7 Dodging
 + Level 0.4 Stealth
 + Level 2.8 Unarmed Combat
 + Level 2.1 Spellcasting
 + Level 1.9 Transmutations


You had 4 spell levels left.
You knew the following spells:

 Your Spells              Type           Power      Damage    Failure   Level
a - Beastly Appendage     Tmut           12%        N/A       11%         1

Your spell library contained the following spells:

 Spells                   Type           Power      Damage    Failure   Level
 Wereblood                Tmut           6%         N/A       16%         2
 Necrotize                Necr           4%         1d4       24%         1
 Sublimation of Blood     Necr           1%         N/A       34%         2
 Spider Form              Tmut/Pois      4%         N/A       43%         3
 Vampiric Draining        Necr           1%         2d6       56%         3
 Ice Form                 Ice/Tmut       4%         N/A       83%         4
 Animate Dead             Necr           1%         N/A       93%         4
 Dispersal                Tloc           0%         N/A       100%        6
 Disjunction              Tloc           0%         N/A       100%        8


Dungeon Overview and Level Annotations

Branches:
Dungeon (1/15)

Altars:
Kikubaaqudgha


Innate Abilities, Weirdness & Mutations

You regenerate a little health from kills.


Message History

A giant cockroach is nearby!
A giant cockroach is nearby!
Found 16 gold pieces.
A goblin comes into view. It is wielding a +0 dagger.
The giant cockroach bites you but does no damage.
The giant cockroach barely misses you. The giant cockroach barely misses you.
The giant cockroach bites you but does no damage.
The giant cockroach bites you. The giant cockroach barely misses you.
The giant cockroach closely misses you. The giant cockroach barely misses you.
The giant cockroach bites you. The giant cockroach closely misses you.
The giant cockroach barely misses you. The giant cockroach barely misses you.
The giant cockroach bites you but does no damage.
The giant cockroach bites you. The goblin misses you.
The giant cockroach bites you but does no damage.
The goblin hits you with a +0 dagger. The giant cockroach barely misses you.
The goblin hits you but does no damage.
The giant cockroach bites you but does no damage.
The giant cockroach bites you. The goblin closely misses you.
The giant cockroach bites you. The goblin hits you but does no damage.
The giant cockroach barely misses you. The goblin hits you with a +0 dagger.
The giant cockroach bites you but does no damage.
The goblin hits you with a +0 dagger. The giant cockroach misses you.
The goblin misses you. The giant cockroach bites you.
The giant cockroach bites you.
* * * LOW HITPOINT WARNING * * *
The goblin hits you with a +0 dagger.
* * * LOW HITPOINT WARNING * * *
The giant cockroach closely misses you. The goblin barely misses you.
The giant cockroach bites you.
* * * LOW HITPOINT WARNING * * *
The goblin barely misses you. The giant cockroach barely misses you.
The goblin hits you with a +0 dagger.
You die...
Kikubaaqudgha rasps: "You have failed me!
Welcome... death!"

#.......#.#.#
#.#######.#.# #.#
#...#.# #.# #.###.#
##.#####.# #.#####
.........###.....#
.................+
#.)..##..###.....#
#....###........@#
#....# #.###.##.gB......
#....# #..##..+.........
#....# ##.##.##.........
...######.##.##.........
...##...#.##.##.....####
...++...'....##.....#
...##...#..#.##$....#
...##...##.#.#


You could see a giant cockroach and a goblin.

Vanquished Creatures
  An endoplasm (D:1)
  A goblin (D:1)
  A quokka (D:1)
  3 ball pythons (D:1)
  2 bats (D:1)
  A rat (D:1)
9 creatures vanquished.

Notes
Turn   | Place    | Note
-------+----------+-------------------------------------------
     0 | D:1      | Hubjo the Demonspawn Transmuter began the quest for the
                  | Orb.
     0 | D:1      | Reached XP level 1. HP: 15/15 MP: 3/3
   466 | D:1      | Gained mutation: You regenerate a little health from kills.
                  | [demonic ancestry]
   466 | D:1      | Reached XP level 2. HP: 7/21 MP: 3/5
   670 | D:1      | Found a faded altar of an unknown god.
   736 | D:1      | Prayed at the altar of an unknown god.
   736 | D:1      | Became a worshipper of Kikubaaqudgha
   736 | D:1      | Reached * piety under Kikubaaqudgha
   736 | D:1      | Received a gift from Kikubaaqudgha
   889 | D:1      | Slain by a goblin

Illustrated notes

Levels and vault maps discovered:
D:1:      minmay_arrival_split_and_join, layout_basic,
          hellmonk_ecumenical_altar_leap_of_faith

Action                   || total
-------------------------++-------
Melee: Unarmed           ||    29
       Headbutt          ||     3
       Kick              ||     4
 Cast: Beastly Appendage ||     8
 Stab: Sleeping          ||     1
Armor: Robe              ||     8
Dodge: Dodged            ||    37

Table legend: (Time is in decaauts)
 A = Elapsed time spent in this place.
 B = Non-inter-level travel time spent in this place.
 C = Inter-level travel time spent in this place.
 D = Time resting spent in this place.
 E = Time spent auto-exploring this place.
 F = Levels seen in this place.
 G = Mean time per level.
                   A        B        C        D        E       F      G
               +--------+--------+--------+--------+--------+-----+--------+
         Total |    887 |    887 |      0 |      0 |    747 |   1 |  887.0 |
       Dungeon |    887 |    887 |      0 |      0 |    747 |   1 |  887.0 |
               +--------+--------+--------+--------+--------+-----+--------+

Top non-repeatable levels by time:
     D:1: 887 daAuts
